Map: Emerald City CE

Players

Ekelpack

  • Race: Zerg Zerg
  • Spawn Location: 5:00

Nyck

  • Race: Terran Terran
  • League: Silver
  • Spawn Location: 5:00

Rutheni - Winner!

  • Race: Terran Terran
  • League: Master
  • Spawn Location: 11:00

Mangal - Winner!

  • Race: Protoss Protoss
  • League: Master
  • Spawn Location: 11:00

VOD

Have the link to the VOD?

Description

Time

  • Played on: Oct. 23, 2024, 1:05 p.m.
  • Length: 15:28
Show
View Real Time Build Order
Export as new Build Order

Ekelpack Zerg 

Build Orders: Hatch First 

Get SALT Encoding   

  12  0:00  Drone  
  13  0:12  Overlord  
  13  0:17  Drone  
  14  0:31  Drone  
  15  0:48  Hatchery  
  14  0:50  Drone  
  15  1:05  Spawning Pool  
  15  1:07  Drone  
  15  1:12  Drone  
  15  1:15  Extractor  
  15  1:17  Drone  
  16  1:21  Drone  
  17  1:30  Drone  
  18  1:44  Drone  
  19  1:54  Queen  
  19  1:58  Drone  
  19  2:00  Queen  
  24  2:04  Drone  
  25  2:12  Overlord  
  25  2:14  Drone  
  26  2:17  Drone  
  26  2:22  Drone  
  28  2:26  Drone, Extractor  
  28  2:35  Lair  
  28  2:41  Drone x2  
  30  2:46  Extractor  
  30  2:48  Drone x2  
  31  2:54  Drone  
  32  3:01  Drone  
  32  3:05  Drone, Extractor  
  33  3:06  Overlord  
  33  3:12  Drone x3  
  36  3:25  Drone x3  
  39  3:33  Drone  
  40  3:37  Spire  
  39  3:43  Drone  
  39  3:45  Overlord  
  39  3:47  Drone x2  
  42  3:51  Drone x2  
  44  3:56  Overlord  
  44  4:03  Metabolic Boost  
  44  4:06  Overlord  
  44  4:12  Zergling x2  
  44  4:13  Zergling x4  
  44  4:16  Overlord  
  47  4:52  Zerg Flyer Weapons Level 1, Mutalisk x5  
  49  4:53  Mutalisk x3  
  49  4:55  Mutalisk x2  
  49  4:57  Mutalisk  
  69  5:14  Infestation Pit  
  69  5:15  Drone  
  69  5:28  Queen  
  71  5:41  Overlord x2  
  71  5:45  Hatchery  
  71  5:47  Mutalisk  
  71  5:48  Mutalisk  
  71  5:49  Overlord  
  75  6:06  Corruptor x5  
  83  6:14  Zergling x6  
  82  6:48  Zerg Flyer Weapons Level 2  
  82  6:49  Hive  
  82  7:01  Zergling x8  
  84  7:02  Zergling x4  
  88  7:10  Hatchery  
  87  7:19  Overlord x2  
  58  7:55  Zergling x6  
  58  7:56  Zergling x12  
  62  8:23  Ultralisk Cavern  
  62  8:26  Drone x3, Evolution Chamber  
  62  8:27  Drone  
  64  8:29  Evolution Chamber  
  63  8:52  Zergling x2  
  63  8:53  Drone, Zergling x2  
  63  8:54  Zergling x14  
  63  8:55  Zergling x10  
  78  8:56  Zerg Melee Weapons Level 1  
  78  8:57  Zerg Ground Armor Level 1, Adrenal Glands  
  78  9:06  Zerg Flyer Weapons Level 3  
  79  9:10  Drone x2  
  80  9:23  Ultralisk  
  80  9:24  Ultralisk x3  
  104  9:25  Chitinous Plating  
  104  9:34  Drone  
  105  9:40  Drone  
  106  9:51  Extractor  
  105  9:54  Extractor  
  90  10:08  Ultralisk x2  
  90  10:09  Zergling x6  
  90  10:10  Zergling x8, Overlord  
  90  10:11  Overlord  
  104  10:26  Drone x2  
  106  10:45  Drone x2  
  106  10:46  Overlord  
  108  10:52  Zerg Melee Weapons Level 2  
  108  10:53  Anabolic Synthesis, Zerg Ground Armor Level 2  
  108  11:15  Ultralisk x2  
  108  11:16  Zergling x2  
  108  11:17  Zergling x4  
  123  11:38  Pneumatized Carapace  
  123  11:53  Overlord x2, Ultralisk x2  
  135  12:11  Hatchery  
  134  12:34  Ultralisk x3  
  134  12:36  Overlord x2  
  151  12:52  Corruptor x3  
  151  12:53  Corruptor  
  122  13:14  Ultralisk x2  
  90  13:37  Drone x5  
  90  13:38  Drone x6  
  90  13:39  Drone x2  
  103  13:57  Drone x2  
  103  13:59  Extractor  
  103  14:02  Extractor  
  103  14:07  Ultralisk  
  81  14:29  Ultralisk x2  
  79  14:48  Zergling x8  
  79  14:49  Zergling x6  
  79  14:50  Queen  
Show
View Real Time Build Order
Export as new Build Order

Nyck Terran 

Build Orders: Reaper Expand 

Get SALT Encoding   

  12  0:00  SCV  
  13  0:12  SCV  
  14  0:19  Supply Depot  
  14  0:27  SCV  
  15  0:42  Barracks  
  15  0:43  SCV  
  15  0:49  Refinery  
  16  0:55  SCV  
  17  1:07  SCV  
  18  1:28  Supply Depot  
  18  1:33  Reaper  
  18  1:36  Orbital Command  
  19  1:53  Command Center  
  19  2:02  Barracks  
  19  2:06  Reaper  
  19  2:08  SCV  
  21  2:39  Barracks Reactor  
  21  2:40  SCV  
  22  2:50  Reaper  
  23  2:53  Barracks  
  23  2:54  SCV  
  24  3:09  SCV  
  25  3:13  Factory  
  25  3:18  Marine x2  
  27  3:24  Barracks Tech Lab  
  27  3:29  SCV  
  27  3:33  Refinery  
  28  3:35  Orbital Command  
  28  3:42  SCV, Refinery  
  28  3:45  Barracks Reactor  
  28  3:47  Barracks  
  29  3:53  Engineering Bay  
  29  3:54  SCV  
  29  3:55  Engineering Bay  
  30  4:00  Marine x3  
  33  4:07  SCV  
  34  4:19  SCV  
  34  4:21  SCV  
  34  4:22  Refinery  
  36  4:31  SCV  
  37  4:32  Terran Infantry Weapons Level 1, Terran Infantry Armor Level 1  
  37  4:34  SCV  
  37  4:37  Marine x2  
  37  4:38  Marine  
  40  4:39  Marine  
  40  4:43  SCV, Marine  
  44  4:51  Supply Depot  
  44  4:56  SCV  
  45  5:00  SCV  
  46  5:13  SCV, Starport  
  47  5:25  Supply Depot  
  44  5:29  SCV x2  
  46  5:37  Armory  
  46  5:41  SCV  
  46  5:42  SCV  
  48  5:47  Combat Shield  
  48  5:50  Barracks Reactor  
  48  5:55  Supply Depot, Starport Reactor  
  48  5:58  SCV x2  
  50  6:10  SCV x2  
  52  6:14  Starport  
  52  6:17  Starport  
  52  6:22  SCV  
  52  6:23  SCV  
  52  6:24  Terran Vehicle And Ship Armor Level 1  
  54  6:32  Viking x2  
  58  6:35  Supply Depot, SCV x2  
  58  6:36  Marine  
  58  6:37  Marine x5  
  58  6:39  Marine  
  67  6:42  Terran Infantry Weapons Level 2  
  67  6:47  Terran Infantry Armor Level 2  
  67  6:58  Starport Reactor x2  
  67  7:00  SCV x2  
  69  7:06  Stimpack  
  69  7:12  SCV x2  
  71  7:21  Viking x2  
  75  7:24  SCV x2  
  77  7:32  Command Center  
  73  7:46  Viking x2  
  77  7:56  Viking  
  77  7:57  Viking  
  75  8:14  Marine  
  75  8:15  Marine x2  
  78  8:28  Viking  
  78  8:39  Supply Depot  
  78  8:40  SCV x2, Marine x6, Viking x3  
  92  8:42  Terran Vehicle And Ship Armor Level 2  
  92  8:46  Armory  
  93  8:52  Planetary Fortress, SCV  
  93  8:56  SCV  
  93  8:58  Viking x2  
  93  9:00  Marine x4  
  93  9:01  Marine x3  
  105  9:04  SCV  
  105  9:08  SCV  
  107  9:16  SCV  
  108  9:18  Marine x3  
  108  9:20  SCV  
  108  9:23  Refinery  
  112  9:24  Refinery  
  112  9:30  SCV  
  112  9:31  SCV  
  114  9:32  SCV  
  114  9:38  Terran Infantry Weapons Level 3  
  115  9:42  SCV  
  115  9:43  Terran Infantry Armor Level 3, SCV  
  115  9:45  Command Center  
  117  9:51  Viking  
  119  9:54  SCV x2, Marine x2  
  119  9:55  Marine  
  119  9:58  Terran Ship Weapons Level 1  
  124  10:06  Refinery  
  124  10:09  Medivac x2  
  124  10:12  Supply Depot  
  124  10:14  Marine x2  
  130  10:23  Medivac  
  130  10:25  Marine x4  
  130  10:26  Marine  
  137  10:34  Supply Depot  
  137  10:37  SCV x3  
  140  10:45  Marine x3  
  140  10:46  Marine x4  
  140  10:48  Medivac  
  149  10:54  Medivac  
  151  10:58  Supply Depot  
  151  10:59  Orbital Command, Refinery, Command Center  
  151  11:04  SCV x3  
  153  11:06  Marine x2  
  153  11:07  Marine x3  
  153  11:10  Viking  
  161  11:16  SCV x3  
  164  11:20  Supply Depot  
  164  11:21  Terran Vehicle And Ship Armor Level 3  
  164  11:23  Marine  
  164  11:24  Marine  
  166  11:26  Viking x3  
  166  11:30  Viking  
  174  11:43  Marine x5  
  174  11:44  Marine  
  180  11:47  SCV  
  180  11:51  SCV  
  182  11:59  Marine  
  182  12:01  Viking x6  
  195  12:21  SCV x4  
  200  12:23  Starport  
  200  12:24  Orbital Command  
  200  12:29  Marine  
  200  12:33  Terran Ship Weapons Level 2  
  91  13:37  Starport  
  91  13:38  Starport Reactor  
  91  13:42  Fusion Core  
  91  13:45  Marine  
  91  13:46  Marine x6  
  98  13:49  Concussive Shells  
  98  13:52  Medivac x6  
  110  14:01  SCV x3  
  110  14:02  SCV x2  
  115  14:03  Marine  
  115  14:04  Marine x6  
  122  14:13  SCV  
  117  14:21  Marine  
  117  14:22  Marine x6, Medivac x6  
  122  14:39  Marine x5  
  122  14:40  Marine x2  
  132  14:57  Marine x7  
Show
View Real Time Build Order
Export as new Build Order

Rutheni Terran - Winner!

Build Orders: Reaper Expand, Mech 

Get SALT Encoding   

  12  0:00  SCV  
  13  0:12  SCV  
  14  0:17  Supply Depot  
  14  0:24  SCV  
  15  0:39  SCV  
  15  0:40  Barracks  
  16  0:44  Refinery  
  16  0:51  SCV  
  17  1:03  SCV  
  18  1:15  SCV  
  19  1:27  Reaper  
  19  1:28  Orbital Command  
  20  1:39  Command Center  
  20  1:49  Supply Depot  
  20  1:54  SCV  
  21  1:59  Marine  
  22  2:06  SCV  
  23  2:10  Factory  
  23  2:17  Refinery  
  23  2:18  SCV  
  23  2:20  Barracks Reactor  
  24  2:32  SCV  
  25  2:44  SCV  
  26  2:52  Orbital Command  
  26  2:55  Starport, Hellion  
  26  2:57  SCV, Marine x2  
  31  3:09  SCV  
  32  3:18  SCV  
  33  3:21  SCV  
  33  3:25  Marine  
  33  3:26  Marine, Factory Tech Lab  
  36  3:29  Supply Depot  
  36  3:30  SCV  
  36  3:32  Viking  
  36  3:33  SCV  
  40  3:42  SCV  
  40  3:45  Marine x2  
  43  3:53  Supply Depot  
  43  3:55  SCV x2  
  44  3:57  Siege Tank  
  48  4:03  Starport Tech Lab  
  48  4:05  Marine x2  
  48  4:07  SCV  
  51  4:13  SCV  
  52  4:23  Command Center  
  52  4:25  Refinery  
  52  4:26  Raven  
  52  4:27  Interference Matrix, Marine x2  
  52  4:31  Refinery  
  56  4:40  SCV x2  
  56  4:42  Siege Tank  
  61  4:52  SCV  
  62  4:58  Supply Depot  
  62  5:00  Supply Depot  
  62  5:09  SCV x2, Marine x2  
  66  5:14  Siege Tank  
  66  5:20  Raven  
  71  5:21  SCV x2  
  71  5:22  Supply Depot  
  71  5:23  Supply Depot  
  73  5:30  Engineering Bay  
  73  5:33  SCV, Engineering Bay  
  72  5:46  SCV x2  
  74  5:59  Missile Turret  
  74  6:01  Missile Turret x2  
  74  6:04  Orbital Command  
  74  6:09  Factory  
  74  6:11  SCV x2, Factory  
  75  6:21  Missile Turret  
  75  6:27  SCV x2  
  75  6:31  SCV  
  78  6:39  SCV x2  
  79  6:43  SCV  
  78  6:50  Armory  
  78  6:51  SCV x2  
  78  6:52  Armory  
  80  6:55  SCV  
  81  7:03  SCV  
  81  7:04  Barracks Tech Lab, Factory Reactor  
  81  7:07  Factory  
  81  7:08  SCV x2  
  84  7:09  Factory  
  84  7:12  Refinery  
  84  7:14  Refinery  
  84  7:16  SCV  
  84  7:18  Hi-Sec Auto Tracking  
  84  7:20  SCV x2  
  84  7:21  Missile Turret  
  87  7:23  Missile Turret  
  87  7:25  Viking x2  
  87  7:26  Missile Turret  
  63  7:49  SCV  
  63  7:50  SCV  
  63  7:51  Siege Tank  
  64  7:52  Hellion x3  
  64  7:55  Terran Vehicle And Ship Armor Level 1, Terran Vehicle Weapons Level 1  
  64  7:56  SCV  
  64  7:57  Factory  
  70  8:01  SCV, Factory  
  64  8:14  Hellion x4, Viking  
  64  8:15  Viking  
  75  8:20  SCV x2  
  75  8:34  Thor  
  81  8:37  Factory Tech Lab  
  81  8:44  Factory Reactor  
  81  8:51  Missile Turret  
  81  8:55  Command Center  
  81  9:02  Viking x2  
  85  9:10  Thor  
  85  9:15  Factory Tech Lab  
  91  9:21  Hellion x2  
  91  9:23  Siege Tank  
  98  9:24  SCV  
  99  9:40  Hellion  
  101  9:48  Thor  
  101  9:49  Supply Depot, Hellion  
  101  9:50  Supply Depot  
  109  9:54  Supply Depot  
  109  10:06  Hellion x2  
  113  10:11  SCV  
  113  10:12  Orbital Command  
  114  10:15  SCV  
  114  10:16  Command Center  
  114  10:18  Hellion  
  120  10:23  SCV  
  120  10:26  Viking  
  120  10:27  SCV  
  124  10:30  Hellion x2  
  133  10:36  SCV  
  138  10:46  SCV x2  
  140  10:55  Thor x3  
  146  11:01  Siege Tank  
  149  11:13  Sensor Tower  
  149  11:20  Supply Depot, Terran Vehicle Weapons Level 2  
  149  11:27  Terran Vehicle And Ship Armor Level 2  
  149  11:28  SCV x3, Hellion, Siege Tank  
  157  11:40  Siege Tank  
  157  11:42  Hellion  
  157  11:43  Hellion x2  
  166  11:52  Supply Depot  
  166  11:55  Planetary Fortress  
  166  11:58  Refinery, Hellion  
  166  11:59  Hellion x2  
  172  12:06  Supply Depot  
  172  12:13  SCV x2, Viking x2  
  178  12:30  SCV  
  178  12:31  SCV x3  
  182  12:38  Command Center  
  182  12:39  Siege Tank  
  182  12:40  Siege Tank, Refinery  
  188  12:48  SCV  
  124  13:10  SCV x2  
  117  13:14  SCV x2  
  117  13:18  Siege Tank x3, Hellion x2  
  117  13:19  Siege Tank, Hellion x3  
  137  13:22  SCV x2  
  137  13:26  SCV  
  135  13:40  Siege Tank, Hellion x3  
  144  13:46  Hellion  
  144  13:47  Viking x2  
  150  13:50  Siege Tank x2  
  150  13:53  SCV x2  
  147  14:17  Viking  
  132  14:25  Siege Tank, Hellion  
  132  14:29  Siege Tank x2, Hellion x5  
  151  14:47  Hellion  
  151  14:49  Viking  
  151  14:50  Siege Tank x2, Hellion x2, Viking  
Show
View Real Time Build Order
Export as new Build Order

Mangal Protoss - Winner!

Build Orders: Carriers, Carrier Rush 

Get SALT Encoding   

  12  0:03  Probe  
  13  0:20  Probe, Pylon  
  14  0:32  Probe  
  15  0:41  Gateway  
  15  0:44  Assimilator  
  15  0:47  Probe  
  16  0:59  Probe  
  17  1:21  Probe  
  18  1:33  Probe  
  18  1:35  Cybernetics Core  
  19  1:40  Assimilator  
  19  1:45  Probe  
  20  2:06  Probe  
  21  2:11  Nexus  
  21  2:15  Assimilator  
  21  2:19  Probe  
  22  2:31  Pylon, Probe  
  23  2:49  Stalker  
  23  2:50  Pylon  
  25  2:53  Pylon  
  25  3:08  Stargate  
  25  3:10  Stargate  
  25  3:21  Probe  
  25  3:24  Probe  
  27  3:33  Probe  
  28  3:39  Probe  
  29  3:45  Probe  
  29  3:47  Protoss Air Weapons Level 1 (Chrono Boost)  
  30  3:51  Probe  
  31  3:57  Probe  
  32  4:03  Probe  
  32  4:09  Fleet Beacon, Probe  
  34  4:15  Probe  
  35  4:27  Probe  
  35  4:28  Probe  
  37  4:38  Assimilator  
  37  4:39  Probe  
  37  4:40  Probe  
  39  4:51  Carrier (Chrono Boost)  
  39  4:52  Probe x2  
  47  5:00  Carrier (Chrono Boost)  
  47  5:04  Probe x2  
  55  5:16  Probe  
  55  5:17  Probe  
  57  5:28  Probe  
  58  5:40  Stalker, Probe  
  61  5:52  Protoss Air Weapons Level 2  
  61  5:53  Cybernetics Core, Forge  
  61  5:56  Pylon  
  49  6:43  Probe  
  50  6:55  Probe  
  51  7:07  Probe  
  52  7:15  Probe  
  53  7:19  Probe  
  54  7:24  Carrier  
  54  7:25  Carrier  
  54  7:27  Probe  
  67  7:37  Pylon  
  67  7:38  Pylon  
  67  7:39  Probe  
  67  7:40  Pylon  
  68  7:51  Probe  
  67  8:03  Probe  
  60  8:31  Probe  
  61  8:41  Carrier x2  
  73  8:44  Probe  
  74  8:56  Probe  
  75  9:07  Protoss Air Armor Level 1  
  75  9:15  Protoss Air Weapons Level 3  
  75  9:16  Nexus  
  75  9:20  Assimilator  
  75  9:25  Assimilator  
  75  9:28  Pylon  
  75  9:30  Pylon x2  
  75  9:33  Pylon  
  75  9:34  Pylon  
  75  9:44  Shield Battery  
  75  9:45  Shield Battery, Carrier x2  
  87  9:47  Shield Battery  
  87  9:50  Shield Battery  
  87  9:52  Photon Cannon  
  87  9:55  Photon Cannon  
  87  10:41  Shield Battery  
  87  10:44  Shield Battery, Probe x3  
  87  10:46  Shield Battery  
  87  10:47  Shield Battery  
  87  10:49  Carrier x2  
  102  10:56  Probe x3  
  105  11:08  Probe x3  
  108  11:18  Protoss Air Armor Level 2 (Chrono Boost)  
  108  11:20  Probe  
  109  11:31  Probe  
  110  11:43  Carrier x2, Probe  
  123  11:55  Probe  
  123  11:57  Stargate  
  124  12:01  Pylon  
  124  12:05  Pylon  
  124  12:07  Probe  
  125  12:08  Pylon  
  125  12:11  Pylon  
  125  12:19  Probe  
  126  12:48  Carrier x2 (Chrono Boost)  
  81  13:16  Carrier (Chrono Boost)  
  68  13:48  Carrier x2 (Chrono Boost)  
  80  14:10  Pylon  
  80  14:12  Pylon  
  80  14:13  Carrier  
  80  14:15  Pylon  
  86  14:17  Pylon  
  86  14:20  Pylon  
  86  14:21  Pylon  
  86  14:23  Pylon  
Tags
 
Add a new tag
Caveats
  • Supply blocks, unpowered buildings, or Contaminate may cause inaccurate times.
  • Supply counts are checked every 10 seconds.